AoeStats
← GORGORY

Arabia

507495109Analyzed
1v1 RM · 14d ago on Sep 18, 2026· 46m 33s· 2 players
Game mode
Random Map
Map size
Tiny (2 player)
Population
200
Speed
Normal
Resources
Standard
Victory
Conquest
Starting age
Dark Age
Ending age
Imperial Age
RankedLock teamsTeams togetherTeam positionsShared explorationLock speedFull tech treeHidden civsTurbo modeCheats
Victory
Defeat
🇦🇷 Ethiopians · Argentina
1047
+16
🇫🇷 Malians · France
1055
-16
GORGORY
5:57 Loom
9:08 Feudal Age
9:34 Double-Bit Axe
9:32 Horse Collar
13:38 Wheelbarrow
19:13 Castle Age
18:04 Stone Mining
21:16 Town Watch
21:37 Heavy Plow
22:53 Fervor
24:42 Sanctity
26:05 Squires
26:12 Scale Mail Armor
28:28 Murder Holes
28:45 Forging
30:04 Arson
32:40 Bow Saw
33:42 Iron Casting
33:22 Chain Mail Armor
33:17 Gold Mining
33:57 Royal Heirs
34:58 Hand Cart
35:36 Town Patrol
39:53 Imperial Age
40:27 Halberdier
40:45 Capped Ram
41:37 Siege Ram
42:53 Conscription
45:32 Two-Man Saw
45:49 Gold Shaft Mining
46:25 Ballistics
46:07 Elite Shotel Warrior
47:44 Stone Shaft Mining
Obi_Wan_Kenobi
7:43 Loom
10:14 Feudal Age
11:13 Double-Bit Axe
13:08 Horse Collar
18:20 Wheelbarrow
21:30 Castle Age
19:47 Gold Mining
21:31 Elite Skirmisher
24:06 Stone Mining
25:48 Gold Shaft Mining
25:50 Stone Shaft Mining
32:28 Imperial Age
33:33 Conscription
35:12 Cavalier
36:49 Bloodlines
Connection lost

Rejoining the realm…

Still unreachable

The connection could not be restored.

Session expired

The server has moved on; the page needs a fresh start.